[Event "Early-Titled-Tuesday-Blitz-October-10-2023"]
[Site "Chess.com"]
[Date "2023.10.10"]
[Round "2"]
[White "MrTattaglia"]
[Black "lefonghua"]
[Result "1-0"]
[WhiteElo "2908"]
[BlackElo "2604"]
[TimeControl "180+1"]
[EndTime "8:18:24 PDT"]
[Termination "MrTattaglia won by resignation"]

1. d4 Nf6 2. c4 c5 3. d5 e6 4. Nc3 exd5 5. cxd5 d6 6. e4 g6 7. Nf3 Bg7 8. h3 a6 9. a4 Nbd7 10. Bd3 Nh5 11. O-O Ne5 12. Be2 Nxf3+ 13. Bxf3 Qh4 14.
Bxh5 gxh5 15. Qf3 Be5 16. Ne2 Rg8 17. Nf4 Bxf4 18. Bxf4 Qxh3 19. Qxh3 Bxh3 20. Kh2 Bg4 21. f3 Bd7 22. Bxd6 c4 23. a5 Bb5 24. Be5 Kd7 25. Rh1 Rg6 26. Kg1 Rag8 27. Rh2 f5 28. Bc3 fxe4 29. fxe4 Rg4 30. Re1 h4 31. Kh1 Ba4 32.
e5 Bc2 33. Bb4 Be4 34. e6+ Ke8 35. d6 h3 36. d7+ Kd8 37. Bc5 Bxg2+ 38. Kg1 Bd5+ 39.
Kf2 Bxe6 40. Rxe6 Rg2+ 41. Rxg2 hxg2 42. Kg1 Kxd7 43. Rh6 Rg5 44. Bb4 Rb5 45. Bc3 Rg5 46. Rxh7+ Kc6 47. Rh6+ Kc7 48. Rf6 Rg4 49. Rh6 Kd7 50.
Rb6 Kc7 51. Be5+ Kc8 52. Rd6 Rg5 53. Bd4 Rg4 54. Bb6 Rg8 55. Rd4 Kb8 56. Rxc4 Rg5 57.
Rd4 Rg8 58. Rd2 Kc8 59. Rxg2 Rh8 60. Rd2 Rg8+ 61. Kf2 Re8 62. Kf3 Rf8+ 63. Ke4 Re8+ 64. Kd5 Kb8 65. Kd6 Kc8 66. Rd5 Kb8 67. Re5 Rg8 68. Kd7 Ka8 69. Re8+ Rxe8 70. Kxe8 Kb8 71. Kd7 Ka8 72. Bd4 Kb8 73. Be3 Ka8 74. Kc8 b5 75. axb6 1-0

[Event "Early-Titled-Tuesday-Blitz-October-10-2023"]
[Site "Chess.com"]
[Date "2023.10.10"]
[Round "2"]
[White "kleopl"]
[Black "Boxerandchessplayer"]
[Result "1-0"]
[WhiteElo "2460"]
[BlackElo "2157"]
[TimeControl "180+1"]
[EndTime "8:18:27 PDT"]
[Termination "kleopl won by resignation"]

1. c4 e6 2. Nc3 d5 3. d4 h6 4. cxd5 exd5 5. Bf4 Nf6 6. e3 Bd6 7. Bxd6 Qxd6 8. Nf3 O-O 9. Bd3 b6 10. O-O c5 11. dxc5 bxc5 12. Rc1 a6 13. Nh4 Rd8 14. Qf3 Bg4 15. Qg3 Qxg3 16. hxg3 Nc6 17. Bf5 Bxf5 18. Nxf5 g6 19. Nh4 Rab8 20. Na4 c4 21. b3 Ne5 22. bxc4 Nxc4 23. Nf3 Rb4 24. Nc3 Rb2 25. Rfd1 Nb6 26.
Rb1 Rxb1 27. Rxb1 Nc4 28. Nd4 Ne4 29. Na4 Rc8 30. g4 Nf6 31. g5 hxg5 32. Rb7 Nd6 33. Rb6 Nde4 34. f3 Rc1+ 35. Kh2 Nf2 36. Rxf6 Nd1 37. Rxa6 Nxe3 38. Rc6 Ra1 39. Nc3 Nc4 40.
Kg3 Kg7 41. Nxd5 Nb2 42. Ra6 Nd3 43. Ra7 Ne5 44. Ne6+ Kg8 45. Nxg5 f6 46. Ne6 g5 47.
Nxf6+ Kh8 48. Ng4 Nxg4 49. Kxg4 Rg1 50. g3 Rg2 51. Nxg5 Rxg3+ 52. Kxg3 1-0

[Event "Early-Titled-Tuesday-Blitz-October-10-2023"]
[Site "Chess.com"]
[Date "2023.10.10"]
[Round "2"]
[White "DenLaz"]
[Black "vladgoncharov"]
[Result "1-0"]
[WhiteElo "3064"]
[BlackElo "2529"]
[TimeControl "180+1"]
[EndTime "8:18:28 PDT"]
[Termination "DenLaz won by resignation"]

1. d4 Nf6 2. c4 e6 3. Nc3 Bb4 4. e3 O-O 5. Bd3 c5 6. Ne2 cxd4 7. exd4 d5 8. c5 Nc6 9. a3 Bxc3+ 10. Nxc3 e5 11.
dxe5 Nxe5 12. O-O d4 13. Nb5 Nxd3 14. Qxd3 b6 15. Qxd4 Qxd4 16. Nxd4 bxc5 17. Nc6 Re8 18. Be3 Be6 19. Bxc5 a5 20. Rfe1 a4 21. Nd4 Bd7 22.
Rxe8+ Rxe8 23. b3 Ne4 24. Bb4 axb3 25. Nxb3 Ba4 26. Nd4 f6 27. Rc1 h5 28. f3 Ng5 29.
h4 Ne6 30. Nf5 Rd8 31. Kh2 Kf7 32. Re1 Bb3 33. Re3 Ba2 34. a4 g5 35. Ra3 Bd5 36.
a5 Nf4 37. a6 Kg6 38. Ne7+ Kf7 39. Nxd5 Nxd5 40. Be1 Nb6 41. Rb3 Na8 42. Rb7+ Ke6 43. a7 Kd6 44. Rb8 Kd7 45. Bg3 Rc8 46. hxg5 fxg5 47.
Be5 h4 48. Kh3 Nb6 49. Rxb6 Ra8 50. Rb7+ Ke6 51. Bh2 Kf5 52. Bb8 Kg6 53. Kg4 Kh6 54. Rb6+ Kh7 55. Kxg5 1-0

[Event "Early-Titled-Tuesday-Blitz-October-10-2023"]
[Site "Chess.com"]
[Date "2023.10.10"]
[Round "2"]
[White "ViktoriyaTarasova"]
[Black "Lion-Al-Messi"]
[Result "0-1"]
[WhiteElo "2366"]
[BlackElo "2619"]
[TimeControl "180+1"]
[EndTime "8:18:30 PDT"]
[Termination "Lion-Al-Messi won by resignation"]

1. d4 d5 2. c4 c6 3. Nf3 Nf6 4.
Nc3 dxc4 5. a4 Bf5 6. Ne5 Nbd7 7. Nxc4 Nb6 8. Ne5 a5 9. f3 Nfd7 10. Nxd7 Nxd7 11. e4 Bg6 12. Be3 Qb6 13. Qd2 e5 14. Rd1 Rd8 15. dxe5 Bc5 16. Bg5 f6 17. exf6 gxf6 18.
Bh6 Ke7 19. Qc2 Ne5 20. Rxd8 Rxd8 21. Be2 Bf2+ 22. Kf1 Be3 23. Bxe3 Qxe3 24. Nd1 Qd4 25. Qc3 Qd6 26. g3 f5 27. exf5 Bxf5 28. Ne3 Bh3+ 29.
Kf2 Nd3+ 30. Bxd3 Qxd3 31. Qxd3 Rxd3 32. Re1 Be6 33. f4 Rb3 34. Re2 Kf7 35. f5 Bd7 36. g4 Rb4 37. Kg3 Rxa4 38. h4 Re4 39. Kf3 Re8 40. Rd2 Bc8 41. Kf4 b5 42. Nc2 c5 43.
Ne3 a4 44. g5 c4 45. h5 Kg8 46. g6 Bb7 47. Nd5 Rf8 48. f6 Bxd5 49. f7+ Bxf7 50.
gxf7+ Rxf7+ 51. Ke5 Re7+ 52. Kf6 Re8 53. Rd7 Rf8+ 54. Ke6 Ra8 55. Rb7 c3 56. bxc3 a3 57. h6 a2 58. Rg7+ Kh8 0-1

[Event "Early-Titled-Tuesday-Blitz-October-10-2023"]
[Site "Chess.com"]
[Date "2023.10.10"]
[Round "2"]
[White "carloseduar100"]
[Black "Perecke"]
[Result "0-1"]
[WhiteElo "2331"]
[BlackElo "2552"]
[TimeControl "180+1"]
[EndTime "8:18:30 PDT"]
[Termination "Perecke won by checkmate"]

1. e4 e5 2. Nf3 Nc6 3. Nc3 Nf6 4. Nxe5 Nxe5 5. d4 Nc6 6. d5 Ne5 7. f4 Ng6 8. e5 Ng8 9. d6 cxd6 10. exd6 Qf6 11. Nb5 Qe6+ 12. Be2 Bxd6 13. Nxd6+ Ke7 14. Nc4 Nf6 15. O-O d5 16. f5 Qe4 17. Bd3 Qh4 18.
fxg6 dxc4 19. Re1+ Be6 20. Bf1 hxg6 21. h3 Rad8 22. Qe2 Rhe8 23. Qxc4 Qxe1 24. Qb5 Kf8 25. b3 Kg8 26. Qxb7 Rd1 27. Qb5 Rxc1 28. Rxc1 Qxc1 29. Kh2 Qf4+ 30. Kg1 Bd7 31. Qd3 Qe3+ 32.
Qxe3 Rxe3 33. Bc4 Re1+ 34. Kf2 Ra1 35. a4 Bxa4 36. Bd3 Bc6 37. g4 Be4 38. Bc4 Bxc2 39. b4 Ra4 40. Ke3 Rxb4 41. Be2 Re4+ 42. Kd2 Rxe2+ 43. Kxe2 a5 44. Kd2 a4 45. Kxc2 Ne4 46. Kb2 Nf2 47. Ka3 Nxh3 48. Kxa4 Nf2 49. g5 f6 50. Kb5 fxg5 51. Kc4 g4 52. Kd4 g3 53. Ke3 g5 54. Kf3 Kf7 55. Kxg3 Kf6 56. Kxf2 Kf5 57.
Kg3 g4 58. Kg2 Kf4 59. Kf2 g3+ 60. Kg2 Kg4 61. Kg1 Kf3 62. Kf1 g2+ 63. Kg1 g6 64.
Kh2 Kf2 65. Kh3 g1=Q 66. Kh4 Qg3# 0-1

[Event "Early-Titled-Tuesday-Blitz-October-10-2023"]
[Site "Chess.com"]
[Date "2023.10.10"]
[Round "2"]
[White "LeoLV10"]
[Black "hawes33"]
[Result "1-0"]
[WhiteElo "2580"]
[BlackElo "2279"]
[TimeControl "180+1"]
[EndTime "8:18:31 PDT"]
[Termination "LeoLV10 won by checkmate"]

1. e4 c5 2. Nf3 d6 3. d4 cxd4 4. Nxd4 Nf6 5. Nc3 a6 6. Bg5 e6 7.
f4 Be7 8. Qf3 Qb6 9. O-O-O Nc6 10. Nb3 Bd7 11. g4 h6 12. Bxf6 gxf6 13. Kb1 Rc8 14. Be2 a5 15. Bb5 Nb8 16. a4 Bc6 17.
Nd4 Nd7 18. f5 e5 19. Nb3 Nc5 20. Nd5 Qd8 21. Nxc5 dxc5 22. Nxf6+ Bxf6 23. Rxd8+ Rxd8 24. Qc3 Bxb5 25. axb5 b6 26. h4 Rd4 27. Qe3 Rg8 28. c3 Rd6 29. Qf3 Ke7 30. Rh2 Ke8 31. Kc2 Ke7 32.
Kb3 Ke8 33. Kc4 Ke7 34. Qg3 Ke8 35. Rg2 Be7 36. Qxe5 Kd7 37. f6 Bxf6 38. Qf5+ Ke7 39.
e5 Bxe5 40. Qxe5+ Re6 41. Qf5 Rd8 42. Qf4 f6 43. Qf3 Red6 44. Re2+ Kf7 45. Qf5 Rg8 46. Qh7+ Rg7 47. Qxh6 Rxg4+ 48. Kb3 c4+ 49. Kc2 a4 50.
Qh5+ Rg6 51. Rg2 f5 52. Qxf5+ Rdf6 53. Qd7+ Kf8 54. Rxg6 Rxg6 55. h5 Rg2+ 56. Kc1 Rg1+ 57. Kd2 Rg2+ 58. Ke1 Rxb2 59. Qd8+ Kf7 60. Qc7+ Kf6 61.
Qxb6+ Kg5 62. Qg6+ Kh4 63. h6 a3 64. h7 a2 65. h8=Q# 1-0

[Event "Early-Titled-Tuesday-Blitz-October-10-2023"]
[Site "Chess.com"]
[Date "2023.10.10"]
[Round "2"]
[White "NovozhilovSemen"]
[Black "chessfatbear"]
[Result "1-0"]
[WhiteElo "2600"]
[BlackElo "2826"]
[TimeControl "180+1"]
[EndTime "8:18:32 PDT"]
[Termination "NovozhilovSemen won on time"]

1. d4 d5 2. c4 e6 3. Nf3 Nf6 4. g3 Bb4+ 5. Bd2 Be7 6. Bg2 O-O 7. O-O Nbd7 8. Qc2 c6 9. Rd1 b6 10. b3 Bb7 11. Nc3 Rc8 12. e4 dxe4 13. Nxe4 c5 14.
Nxf6+ Bxf6 15. Bc3 Bxf3 16. Bxf3 cxd4 17. Bxd4 Qe7 18.
Bg2 Rfd8 19. h4 a5 20. Rd2 Bxd4 21. Rxd4 Nc5 22. Rad1 Rxd4 23. Rxd4 Rd8 24. Qd2 Rxd4 25. Qxd4 f6 26. Qf4 Qd8 27. Qf3 Kf8 28. Qc6 Ke7 29. Bf3 Qd6 30. Qa8 Qd8 31. Qa7+ Kf8 32. h5 Nd3 33. h6 gxh6 34. Qxh7 Qd4 35. Qxh6+ Ke7 36.
Qg7+ Kd6 37. Qf8+ Ke5 38. Qb8+ Kf5 39. g4+ Kg5 40. Qg3 Nf4 41. Kh2 e5 42. a3 e4 43. Bh1 Ne2 44. Qe3+ Qxe3 45. fxe3 f5 46. b4 axb4 47. axb4 Kxg4 48. c5 bxc5 49. b5 1-0

[Event "Early-Titled-Tuesday-Blitz-October-10-2023"]
[Site "Chess.com"]
[Date "2023.10.10"]
[Round "2"]
[White "astralpulse"]
[Black "IPAchess"]
[Result "1-0"]
[WhiteElo "2699"]
[BlackElo "2405"]
[TimeControl "180+1"]
[EndTime "8:18:32 PDT"]
[Termination "astralpulse won on time"]

1. Nf3 d5 2. g3 Nf6 3. Bg2 e6 4. c4 d4 5. e3 c5 6. exd4 cxd4 7.
O-O Nc6 8. d3 h6 9. Re1 Bd6 10.
Na3 O-O 11. Bd2 e5 12. Rc1 Bf5 13. c5 Bc7 14. Qb3 Qc8 15. Nc4 Re8 16. Nd6 Bxd6 17. cxd6 Qd7 18. Rc5 Qxd6 19. Rec1 Rab8 20. Qa3 a6 21. b4 Nd7 22. R5c2 Nb6 23. Rc5 Nd7 24. R5c2 Be6 25. Nh4 Bd5 26. Bh3 Nf6 27. Nf5 Qd8 28. Rc5 e4 29. Bf4 Ra8 30. Nd6 Re7 31. Nf5 Re8 32. Nd6 Re7 33. dxe4 Bxe4 34. Rd1 b6 35. Rcc1 Nh5 36. Nxe4 Nxf4 37. gxf4 Rxe4 38. Rxc6 Rxf4 39.
Qg3 Re4 40. Bg2 Re5 41. Rc4 Rg5 42. Bxa8 Qxa8 43. Rcxd4 Rxg3+ 44. hxg3 Kh7 45. Rd5 Qc6 46.
a3 Qc3 47. R1d3 Qc1+ 48. Kg2 g6 49. Rd6 Qc7 50. Rf6 Kg7 51. Rdf3 a5 52. b5 g5 53. a4 Qd7 54. R3f5 Qb7+ 55. Kf1 1-0

[Event "Early-Titled-Tuesday-Blitz-October-10-2023"]
[Site "Chess.com"]
[Date "2023.10.10"]
[Round "2"]
[White "Fan_Of_Chucky"]
[Black "Khuslen2008"]
[Result "1-0"]
[WhiteElo "2521"]
[BlackElo "2313"]
[TimeControl "180+1"]
[EndTime "8:18:33 PDT"]
[Termination "Fan_Of_Chucky won by resignation"]

1. d4 Nf6 2. c4 c5 3. d5 b5 4. cxb5 a6 5. e3 g6 6. Nc3 Bg7 7. Nf3 O-O 8. a4 Bb7 9. e4 e6 10. Bc4 exd5 11. exd5 axb5 12. Bxb5 Qe7+ 13. Be3 Ng4 14. Qd2 Nxe3 15. Qxe3 Re8 16. Qxe7 Bxc3+ 17. bxc3 Rxe7+ 18. Kd2 Bxd5 19. Rae1 Kf8 20. Ng5 Bxg2 21. Rxe7 Kxe7 22. Re1+ Kf8 23. Nxh7+ Kg7 24. Ng5 Nc6 25. f3 Rh8 26. Bxc6 dxc6 27. Ke3 Rh5 28. h4 Rxh4 29. Rg1 f6 30. Ne6+ Kf7 31. Nf4 g5 32. Nxg2 Rxa4 33.
Ne1 Ke6 34. Kd3 Ra2 35. Nc2 Ra4 36. Rg4 Ra7 37. Ne3 Ra3 38. Rc4 Kd6 39. Rg4 Ra1 40. f4 gxf4 41. Rxf4 Ke6 42. Rf5 Ra5 43. Kc4 Ra1 44. Rxc5 Re1 45. Nf5 Kd7 46. Nd4 Re4 47.
Kd3 Rh4 48. Rf5 Ke7 49. Nxc6+ Ke6 50. Rf3 Ra4 51. Nd4+ Ke5 52. Rf5+ Kd6 53. Rxf6+ Kd5 54. Rf5+ Kd6 55. Rb5 Ra1 56. Rb4 1-0

[Event "Early-Titled-Tuesday-Blitz-October-10-2023"]
[Site "Chess.com"]
[Date "2023.10.10"]
[Round "2"]
[White "brm72"]
[Black "Zampronha1971"]
[Result "1-0"]
[WhiteElo "2517"]
[BlackElo "2297"]
[TimeControl "180+1"]
[EndTime "8:18:33 PDT"]
[Termination "brm72 won on time"]

1. e4 c5 2. Nf3 e6 3. d4 cxd4 4. Nxd4 Nc6 5. Nc3 Qc7 6. Be3 a6 7. f3 b5 8. Qd2 Nf6 9. O-O-O b4 10. Nce2 d5 11. Nxc6 Qxc6 12. Nd4 Qc7 13. Bf4 Qb6 14. e5 Nd7 15. Kb1 Be7 16. h4 Bb7 17. h5 h6 18.
g4 Rc8 19. Be2 Qc7 20. Rde1 Nb6 21. b3 Qc3 22. Bd3 Qxd2 23. Bxd2 Nd7 24. f4 Nc5 25.
f5 Nxd3 26. cxd3 Kd7 27. Rhf1 a5 28. fxe6+ fxe6 29. Rf7 Ba6 30. Rxg7 Bxd3+ 31. Kb2 Rhg8 32. Rxg8 Rxg8 33. Rg1 Bc5 34. Be3 Be4 35. Kc1 Bxd4 36. Bxd4 Bf3 37. g5 Bxh5 38. gxh6 Rxg1+ 39. Bxg1 Bg6 40. Bb6 Kc6 41. Bxa5 Kc5 42. Kd2 Kd4 43. Bxb4 Kxe5 44.
Bc3+ d4 45. Bb2 Kd5 46. a4 e5 47. a5 e4 48. b4 e3+ 49. Ke2 Kc4 50. a6 Bh5+ 51.
Ke1 d3 52. Bc1 d2+ 53. Bxd2 exd2+ 54. Kxd2 1-0

[Event "Early-Titled-Tuesday-Blitz-October-10-2023"]
[Site "Chess.com"]
[Date "2023.10.10"]
[Round "2"]
[White "themind1hunter"]
[Black "Zurability"]
[Result "1/2-1/2"]
[WhiteElo "2547"]
[BlackElo "2739"]
[TimeControl "180+1"]
[EndTime "8:18:34 PDT"]
[Termination "Game drawn by repetition"]

1. e4 c5 2. Nf3 d6 3. d4 cxd4 4.
Nxd4 Nf6 5. Nc3 g6 6. Be3 Bg7 7. f3 a6 8. Bc4 Nbd7 9. Qd2 b5 10.
Bd5 Nxd5 11. Nxd5 Bb7 12. O-O-O Ne5 13. Bg5 Nc4 14. Qe1 Bxd4 15. Rxd4 f6 16. Bh6 Rc8 17. Kb1 Kf7 18. h4 e6 19. Ne3 Qb6 20.
c3 Rhd8 21. Nxc4 Rxc4 22. Be3 Rxd4 23. Bxd4 Qc6 24. Qd2 e5 25. Qh6 Kg8 26. h5 Qe8 27. Bb6 Rd7 28. hxg6 Qxg6 29. Qh3 Qf7 30. Qg4+ Kh8 31.
Rh6 d5 32. Bf2 dxe4 33. Bh4 Rd6 34. Qf5 Qd7 35. Bxf6+ Kg8 36. Qxd7 Rxd7 37. fxe4 Bxe4+ 38. Kc1 Bxg2 39. Bxe5 Bd5 40. Rxa6 Re7 41. Bd4 Re2 42. a3 Bb3 43. Ra8+ Kf7 44. Ra7+ Kg6 45. Rg7+ Kh6 46.
Rg1 Rc2+ 47. Kb1 Kh5 48. Rh1+ Kg6 49. Rg1+ Kf5 50. Rh1 Re2 51. Kc1 Rc2+ 52. Kb1 Re2 53. Kc1 Rc2+ 54. Kb1 1/2-1/2

[Event "Early-Titled-Tuesday-Blitz-October-10-2023"]
[Site "Chess.com"]
[Date "2023.10.10"]
[Round "2"]
[White "Byniolus"]
[Black "santosalberto1987"]
[Result "1-0"]
[WhiteElo "2716"]
[BlackElo "2489"]
[TimeControl "180+1"]
[EndTime "8:18:35 PDT"]
[Termination "Byniolus won by resignation"]

1. d4 d5 2. Bf4 Nf6 3. e3 c5 4. c3 Nc6 5. Nd2 Qb6 6. Qb3 cxd4 7. exd4 Qxb3 8. axb3 Bf5 9. b4 e6 10. h3 Be7 11.
Ngf3 O-O 12. Be2 a6 13. Nb3 Bc2 14. Nc5 Bxc5 15. bxc5 h6 16. O-O Rfe8 17. b4 Bh7 18. Ra3 Ne4 19. Rfa1 Rad8 20. b5 axb5 21. Bxb5 f6 22.
Bh2 Re7 23. Kf1 Kf7 24. R1a2 g5 25. Ne1 f5 26. Nd3 Rc8 27. Ne5+ Nxe5 28. Bxe5 f4 29.
f3 Ng3+ 30. Kf2 Nf5 31. Ra7 Bg6 32. Bd6 Rcc7 33. Bxc7 Rxc7 34. c6 Nd6 35. cxb7 Nxb7 36.
Ba6 Rxc3 37. Rxb7+ Kf6 38. Rb6 Bf5 39. Be2 Rc1 40. Rab2 Ra1 41. R6b3 Ra4 42. Rb4 Ra3 43. R2b3 Ra1 44. Bd3 Rd1 45. Bxf5 Kxf5 46. Ke2 Rg1 47. Kf2 Rd1 48. Rc3 Rd2+ 49. Kg1 Rd1+ 50. Kh2 h5 51. Rc8 h4 52. Rf8+ Kg6 53. Rb6 Rxd4 54. Rxe6+ Kg7 55. Rf5 Rd2 56. Rxg5+ Kf7 57. Rh6 d4 58. Rxh4 d3 59.
Rxf4+ Ke6 60. Rd4 Rd1 61. Rgd5 1-0

[Event "Early-Titled-Tuesday-Blitz-October-10-2023"]
[Site "Chess.com"]
[Date "2023.10.10"]
[Round "2"]
[White "HanSchut"]
[Black "Fh2411"]
[Result "1/2-1/2"]
[WhiteElo "2346"]
[BlackElo "2567"]
[TimeControl "180+1"]
[EndTime "8:18:35 PDT"]
[Termination "Game drawn - insufficient material"]

1. e4 c5 2. Nf3 e6 3. c4 a6 4. Nc3 Nc6 5. Be2 Nd4 6. O-O d6 7.
d3 g6 8. Be3 Bg7 9. Rb1 Ne7 10.
Qd2 O-O 11. Bh6 Nec6 12. Bxg7 Kxg7 13. Nxd4 cxd4 14. Nd1 e5 15. f4 f5 16. b4 Be6 17.
b5 axb5 18. cxb5 Ne7 19. Rb2 Qa5 20. exf5 Nxf5 21. fxe5 Qxd2 22. Rxd2 dxe5 23. Bf3 Rf7 24. Re2 Nh4 25. Rxe5 Nxf3+ 26. gxf3 Bxa2 27. Re4 Rd8 28. Nf2 Rxf3 29. Ng4 Rxf1+ 30. Kxf1 h5 31. Ne5 Bd5 32. Re2 Rf8+ 33. Ke1 Rf5 34. Nc4 Bxc4 35. dxc4 Rc5 36. Rc2 b6 37. Kd2 Rf5 38. Kd3 Rf4 39. Re2 Kf6 40.
Re4 Rf2 41. Kxd4 Rxh2 42. Kd5 h4 43. Re6+ Kf5 44. Rxb6 h3 45. Rb8 Rd2+ 46. Kc6 h2 47. Rh8 g5 48. b6 Rb2 49. b7 g4 50. Kc7 g3 51. b8=Q Rxb8 52. Kxb8 g2 53. Rxh2 g1=Q 54.
Rb2 Qc5 55. Rb5 Qe5+ 56. Rxe5+ Kxe5 57. Kc7 Kd4 58. c5 Kxc5 1/2-1/2

[Event "Early-Titled-Tuesday-Blitz-October-10-2023"]
[Site "Chess.com"]
[Date "2023.10.10"]
[Round "2"]
[White "wild3000"]
[Black "jerry_77"]
[Result "0-1"]
[WhiteElo "2356"]
[BlackElo "2612"]
[TimeControl "180+1"]
[EndTime "8:18:36 PDT"]
[Termination "jerry_77 won by checkmate"]

1. d4 Nf6 2. g3 e6 3. Bg2 d5 4. Nf3 Be7 5. O-O O-O 6. c4 dxc4 7.
Nc3 c5 8. Bg5 Nc6 9. dxc5 Qxd1 10.
Rfxd1 Bxc5 11. Rac1 Ng4 12. Rf1 h6 13. Bd2 Rd8 14. Ne4 Bb6 15. Rxc4 Nce5 16. Nxe5 Nxe5 17. Rc2 Bd7 18. Nd6 Ba4 19. b3 Bxb3 20. axb3 Rxd6 21. Bf4 f6 22. Bxb7 Rad8 23. Bxe5 fxe5 24. Ba6 e4 25. e3 Kf7 26. Kg2 Kf6 27. h4 Rd2 28. Rxd2 Rxd2 29. Kg1 Rb2 30. Bc4 Ke5 31. Re1 g5 32. hxg5 hxg5 33. Re2 Rb1+ 34. Kg2 a5 35. Ra2 Rc1 36.
Bb5 Rc3 37. Ba4 Bc5 38. Rd2 Bb4 39. Rd4 Rc2 40. Rd1 Ra2 41. Kf1 Rb2 42. Kg1 Kf5 43. Kg2 Bc5 44. Re1 Bb4 45. Rd1 Bd2 46. Kf1 Kg4 47.
Bb5 Bb4 48. Be2+ Kf5 49. g4+ Ke5 50. Bc4 Rc2 51. Bb5 Rc3 52. Ba4 Rc7 53. Rd8 Rc1+ 54.
Kg2 Rc2 55. Kf1 Bc5 56. Rg8 Kf6 57. Rc8 Rc1+ 58. Kg2 Bxe3 59. Rf8+ Kg7 60. Re8 Rc2 61. Rxe6 Rxf2+ 62. Kg3 Rf4 63. Bc6 Bf2+ 64. Kg2 e3 65. Re4 Kf6 66. Rxf4+ gxf4 67. Kf3 Kg5 68. Bb5 Be1 69. Be2 Bb4 70. Bc4 Bd6 71. Be2 Kh4 72.
Bc4 Kg5 73. Be2 Bf8 74. Bc4 Bh6 75. Be2 Kf6 76. Bc4 Ke5 77. Be2 Kd4 78. Bc4 a4 79.
Bf7 a3 80. b4 Bg5 81. b5 Kc5 82. Bc4 Kxc4 83. b6 a2 84. b7 a1=Q 85. b8=Q Qh1+ 86. Ke2 Qg2+ 87. Kd1 Qd2# 0-1

[Event "Early-Titled-Tuesday-Blitz-October-10-2023"]
[Site "Chess.com"]
[Date "2023.10.10"]
[Round "2"]
[White "hakanazeri2"]
[Black "topin8"]
[Result "1-0"]
[WhiteElo "2620"]
[BlackElo "2422"]
[TimeControl "180+1"]
[EndTime "8:18:37 PDT"]
[Termination "hakanazeri2 won on time"]

1. e4 e5 2. Nf3 Nc6 3. Bb5 Nf6 4. O-O Nxe4 5. Re1 Nd6 6. Nxe5 Nxe5 7. Rxe5+ Be7 8.
Bf1 O-O 9. d4 Bf6 10. Re1 Nf5 11.
c3 d5 12. Bf4 Bg5 13. Qc1 Bxf4 14. Qxf4 c6 15. Nd2 Qd6 16. Qxd6 Nxd6 17. Bd3 Bf5 18. Bxf5 Nxf5 19. Re5 Nd6 20. Nf3 Rfe8 21. Rae1 Rxe5 22. Nxe5 f6 23. Nd3 Re8 24. Rxe8+ Nxe8 25. f3 Nd6 26. Kf2 Kf7 27. a4 a5 28. b4 Nc4 29. Ke2 Ke7 30.
bxa5 Nxa5 31. g4 g5 32. f4 h6 33. f5 Nc4 34. h3 b6 35. Nb4 Kd6 36. Nd3 Ke7 37.
Kd1 Ne3+ 38. Kd2 Nc4+ 39. Kc2 Ne3+ 40. Kb3 Kd6 41. Nc1 Ng2 42. Ne2 Ne3 43. Ng3 Nc4 44. Nh5 Ke7 45. Ng7 b5 46. axb5 cxb5 47. Kb4 Nd6 48.
Ne6 Ne4 49. Nc7 Kd6 50. Nxb5+ Kc6 51. c4 dxc4 52. Kxc4 Nf2 53. d5+ Kd7 54. Nc3 Nxh3 55. Ne4 Ke7 56. d6+ Kd7 57. Kc5 Nf4 58.
Nxf6+ Kd8 59. Nh5 Nd3+ 60. Kd5 1-0

[Event "Early-Titled-Tuesday-Blitz-October-10-2023"]
[Site "Chess.com"]
[Date "2023.10.10"]
[Round "2"]
[White "Alphafischer2019"]
[Black "frederiksvane"]
[Result "0-1"]
[WhiteElo "2591"]
[BlackElo "2885"]
[TimeControl "180+1"]
[EndTime "8:18:38 PDT"]
[Termination "frederiksvane won by resignation"]

1. d4 Nf6 2. Bf4 b6 3. e3 Bb7 4.
Nf3 Nh5 5. Bg5 h6 6. Bh4 g5 7.
Bg3 d6 8. Nfd2 Nxg3 9. hxg3 Nd7 10. Nf3 Bg7 11. Bd3 e6 12. Nbd2 Qe7 13. g4 c5 14.
c3 O-O 15. O-O f5 16. Nh2 Rf7 17. Qe2 Raf8 18. Rae1 fxg4 19. Qxg4 Nf6 20. Qh3 Qd7 21. Bg6 Re7 22. Ng4 Nxg4 23. Qxg4 e5 24. Qxd7 Rxd7 25.
dxe5 Bxe5 26. Bh5 d5 27. Nf3 Bf6 28. Rd1 Re7 29. Rd2 a5 30. Rfd1 b5 31. Nh2 b4 32.
Bf3 bxc3 33. bxc3 Bxc3 34. Bxd5+ Bxd5 35. Rxd5 Rc7 36. Ng4 Bg7 37. Rd7 Rfc8 38. Rxc7 Rxc7 39. e4 c4 40. Ne3 c3 41. Nc2 Kf7 42. Kf1 Ke6 43.
Ke2 Be5 44. g3 h5 45. Rh1 Rh7 46. Kd3 h4 47. f4 gxf4 48. gxf4 Bxf4 49. Kxc3 h3 50. Nd4+ Ke5 51. Nf3+ Kxe4 52. Nh2 Bxh2 53. Rxh2 Kf3 54. Kc4 Kg3 55. Rh1 h2 56. a4 Kg2 57.
Rc1 h1=Q 58. Rxh1 Kxh1 59. Kc5 Rh5+ 60. Kb6 Kg2 61. Kc6 Kf3 62. Kd6 Ke3 63. Ke6 Kd4 64.
Kf6 Rc5 65. Kg6 Kc4 66. Kf6 Kb4 67. Ke6 Kxa4 68. Kd6 Kb4 0-1

[Event "Early-Titled-Tuesday-Blitz-October-10-2023"]
[Site "Chess.com"]
[Date "2023.10.10"]
[Round "2"]
[White "Doudou2015"]
[Black "Manukyan_Artak"]
[Result "0-1"]
[WhiteElo "2170"]
[BlackElo "2461"]
[TimeControl "180+1"]
[EndTime "8:18:38 PDT"]
[Termination "Manukyan_Artak won on time"]

1. b3 a5 2. Bb2 a4 3. bxa4 Rxa4 4.
Nf3 Nf6 5. g3 h5 6. Bg2 h4 7.
Nxh4 Raxh4 8. gxh4 Rxh4 9. d3 d5 10. Nd2 Bh3 11. Bxh3 Rxh3 12. Nf3 Nc6 13. Qd2 Qd6 14.
O-O-O e5 15. Qc3 Ng4 16. Rhf1 Nxh2 17. Rh1 Qh6+ 18. Qd2 Nxf3 19. Qxh6 Rxh6 20. Rxh6 gxh6 21. exf3 Bc5 22. Rf1 Kd7 23. Kd2 Ke6 24. Ke2 Ne7 25. Rh1 Nf5 26. Bc3 b5 27. Rb1 c6 28. f4 e4 29.
dxe4 dxe4 30. Rg1 Bd6 31. Bd2 Nd4+ 32. Kd1 Nf3 33. Rg8 Nxd2 34. Kxd2 Bxf4+ 35. Ke2 Bg5 36. c4 bxc4 37. a4 c3 38. Kd1 Kd5 39. Kc2 e3 40.
fxe3 Bxe3 41. Rf8 Kc4 42. Rxf7 Kb4 43. Re7 Bd4 44. Re4 c5 45. Rh4 Kxa4 46. Rxh6 Kb5 47. Kb3 Ka5 48. Kc4 c2 49. Rh1 Be3 50. Ra1+ Kb6 0-1

[Event "Early-Titled-Tuesday-Blitz-October-10-2023"]
[Site "Chess.com"]
[Date "2023.10.10"]
[Round "2"]
[White "PeshkaCh"]
[Black "Likvidator228"]
[Result "1-0"]
[WhiteElo "2825"]
[BlackElo "2566"]
[TimeControl "180+1"]
[EndTime "8:18:41 PDT"]
[Termination "PeshkaCh won on time"]

1. Nf3 d5 2. d4 c6 3. c4 e6 4. e3 Nf6 5. Nbd2 Nbd7 6. Bd3 dxc4 7. Nxc4 b5 8. Nce5 Bb7 9. Nxd7 Nxd7 10. O-O Be7 11. Qc2 a6 12. a3 c5 13. Be4 Bxe4 14.
Qxe4 O-O 15. Bd2 Nf6 16. Qc2 Rc8 17. dxc5 Rxc5 18. Bc3 Qa8 19. Qe2 Rfc8 20. a4 Qb7 21. axb5 axb5 22. Bd4 R5c7 23. Ra7 Qd5 24. Rxc7 Rxc7 25.
Rd1 Qc4 26. Qxc4 Rxc4 27. Ra1 h6 28. h3 Rc7 29. Ra8+ Kh7 30. Rb8 b4 31. g3 Ne4 32.
Ne5 Bf6 33. Rxb4 Rc1+ 34. Kg2 Rc2 35. Nd3 Bxd4 36. Rxd4 f5 37. b4 Rd2 38. b5 e5 39. b6 exd4 40. b7 Nxf2 41. b8=Q Nxd3+ 42. Kg1 dxe3 43. Qb5 Rd1+ 44. Kg2 Rd2+ 45. Kg1 Rd1+ 46.
Kg2 Rd2+ 47. Kf3 Ne1+ 48. Kxe3 Rd8 49. Qxf5+ Kh8 50. Qb1 Re8+ 51. Kf2 Kg8 52. Qb5 Kf8 53. Qf5+ Kg8 54. Qd5+ Kf8 55. Qb3 Re7 56. g4 1-0

[Event "Early-Titled-Tuesday-Blitz-October-10-2023"]
[Site "Chess.com"]
[Date "2023.10.10"]
[Round "2"]
[White "Man-Chuk"]
[Black "vedantgoswami"]
[Result "1-0"]
[WhiteElo "2739"]
[BlackElo "2392"]
[TimeControl "180+1"]
[EndTime "8:18:41 PDT"]
[Termination "Man-Chuk won on time"]

1. e4 e5 2. Nf3 Nc6 3. Bb5 a6 4. Ba4 Nf6 5. O-O b5 6. Bb3 Be7 7. a4 Rb8 8. d3 d6 9. h3 O-O 10. Bd2 Be6 11. Bxe6 fxe6 12. Nc3 h6 13. axb5 axb5 14.
Ra6 Nb4 15. Ra5 c6 16. Ra7 c5 17. Ne2 Nc6 18. Ra6 Rb6 19. Ba5 Nxa5 20. Rxa5 Nh5 21. Ng3 Nf4 22. Kh2 Bh4 23. Ra7 Qf6 24.
Nxh4 Qxh4 25. Qg4 Qxg4 26. hxg4 c4 27. Nh5 Rf7 28. Rxf7 Kxf7 29. Ra1 cxd3 30. Ra7+ Kf8 31. cxd3 Nxh5 32. gxh5 Rc6 33. Rd7 Rc2 34. f3 Rxb2 35.
Rxd6 Ke7 36. Rb6 b4 37. Kg3 Kf6 38. Rb7 Rb1 39. Kg4 b3 40. g3 b2 41. Rb8 Kf7 42.
Rb7+ Kf6 43. Rb5 Rd1 44. Rxb2 Rxd3 45. Rb8 Rd2 46. Rb7 Rd3 47. f4 exf4 48. gxf4 e5 49.
Rb6+ Kf7 50. fxe5 Rd1 51. Rb7+ Kf8 52. Kf5 Rh1 53. Kg6 Rg1+ 54. Kh7 Rg5 55. e6 1-0